 Dungeon Crawl Stone Soup version 0.31-a0-175-g9f7f995f2b (webtiles) character file.

Game seed: 5409148670838187500

80 qw the Shooter (level 4, 0/40 HPs)
             Began as a Naga Hunter on June 17, 2023.
             Slain by Robin
             ... wielding a +0 club
              (4 damage)
             ... on level 2 of the Dungeon.
             The game lasted 00:00:30 (880 turns).

qw the Shooter (Naga Hunter)                         Turns: 880, Time: 00:00:31

Health: 0/40       AC:  2    Str: 14    XL:     4   Next: 39%
Magic:  4/4        EV:  9    Int:  9    God:
Gold:   105        SH:  0    Dex: 16    Spells: 3/3 levels left

rFire   . . .        Y - +0 shortbow
rCold   . . .        (shield currently unavailable)
rNeg    . . .        c - +0 leather armour
rPois   +            (no helmet)
rElec   .            (no cloak)
rCorr   .            (no gloves)
SInv    +            (no barding)
Will    .....        (no amulet)
Stlth   ++           (no ring)
HPRegen 0.26/turn    (no ring)
MPRegen 0.09/turn

%: no passive effects
@: short of breath, very slow
A: AC +1, large, see invisible, deformed body, poison resistance, slowness 2,
spit poison 1, naga tail 1
a: Spit Poison


You were on level 2 of the Dungeon.
You visited 1 branch of the dungeon, and saw 2 of its levels.

You collected 105 gold pieces.


Innate Abilities, Weirdness & Mutations

Your serpentine skin is tough. (AC +1)
You have supernaturally acute eyesight. (SInv)
Armour fits poorly on your strangely shaped body.
Your system is resistant to poisons. (rPois)
You cover ground very slowly.
You can spit poison.
You have a snake-like lower body.


   Skills:
 + Level 2.3 Fighting
 - Level 5.1 Ranged Weapons
 - Level 1.5 Dodging
 - Level 1.5 Stealth


You had 3 spell levels left.
You didn't know any spells.
Your spell library was empty.

Inventory:

Hand Weapons
 Y - a +0 shortbow (weapon)
Armour
 c - a +0 leather armour (worn)
Scrolls
 a - 2 scrolls of identify {unknown}
 b - a scroll of enchant weapon {unknown}
Potions
 f - a potion of enlightenment {unknown}
 g - a potion of curing {unknown}

Dungeon Overview and Level Annotations

Branches:
Dungeon (2/15)

Altars:

Annotations:
D:2 Robin


Message History

The hobgoblin misses you. The goblin hits you but does no damage.
You shoot an arrow. The arrow closely misses the goblin.
You have got your breath back.
The goblin closely misses you.
Robin says, "Kneel, worm!"
The hobgoblin hits you but does no damage.
873 ||| INVOKING Spit Poison.
Aiming: Spit Poison (1% risk of failure)
Press: ? - help, Shift-Dir - straight line, f/p - goblin The splash of poison hits the goblin.
You kill the goblin!
Robin throws the goblin at you! The goblin hits you with a +0 club.
The hobgoblin hits you.
You shoot an arrow. The arrow hits the goblin!
You kill the goblin!
Robin throws the goblin at you! The goblin hits you with a +0 club.
The hobgoblin closely misses you. The hobgoblin hits you.
The goblin hits you with a +0 club.
You shoot an arrow. The arrow hits the goblin.
You kill the goblin!
The hobgoblin hits you.
You shoot an arrow.
The arrow hits the hobgoblin but does no damage.
The hobgoblin hits you.
You shoot an arrow. The arrow hits the hobgoblin!
You kill the hobgoblin!
You shoot an arrow. The arrow hits the goblin!
You kill the goblin!
You have got your breath back.
Robin hits you with a +0 club.
879 ||| INVOKING Spit Poison.
Aiming: Spit Poison (1% risk of failure)
Press: ? - help, Shift-Dir - straight line, f - Robin The splash of poison hits Robin!
Robin is heavily wounded.
Robin hits you with a +0 club.
You shoot an arrow. The arrow hits Robin.
Robin is almost dead.
Robin hits you with a +0 club.
You die...

#.............#
#......#####..#
######.#####..#
#.##.....#
#.##.##.##
#.##.##.#
#.......#
########.####
#.g@)....#
....%.########
..).# ..# .


You could see Robin.

Vanquished Creatures
  3 adders (D:2)
  2 dart slugs
  5 bats
  4 endoplasms
  3 giant cockroaches
  10 goblins
  6 hobgoblins
  7 kobolds
  5 ball pythons
  2 rats (D:1)
47 creatures vanquished.

Notes
Turn   | Place    | Note
-------+----------+-------------------------------------------
     0 | D:1      | qw the Naga Hunter began the quest for the Orb.
     0 | D:1      | Reached XP level 1. HP: 19/19 MP: 1/1
     0 | D:1      | 0 ||| qw: Version: 0.3-a-2-g5ab2908
     0 | D:1      | 0 ||| qw: Game counter: 119
     0 | D:1      | 0 ||| qw: Always use a shield: true
     0 | D:1      | 0 ||| qw: God list: Okawaru
     0 | D:1      | 0 ||| qw: Allow faded altars: false
     0 | D:1      | 0 ||| qw: Do Orc after D:15 true
     0 | D:1      | 0 ||| qw: Do second Lair branch before Depths: true
     0 | D:1      | 0 ||| qw: Lair rune preference: random
     0 | D:1      | 0 ||| qw: Plans: Normal
     0 | D:1      | 0 ||| PLANNING D:1-11
    50 | D:1      | 50 ||| INVOKING Spit Poison.
    98 | D:1      | 98 ||| INVOKING Spit Poison.
   107 | D:1      | Reached skill level 4 in Ranged Weapons
   107 | D:1      | Reached XP level 2. HP: 26/26 MP: 2/2
   134 | D:1      | 134 ||| INVOKING Spit Poison.
   151 | D:1      | 151 ||| INVOKING Spit Poison.
   157 | D:1      | 157 ||| INVOKING Spit Poison.
   160 | D:1      | 160 ||| INVOKING Spit Poison.
   187 | D:1      | 187 ||| INVOKING Spit Poison.
   192 | D:1      | 192 ||| INVOKING Spit Poison.
   193 | D:1      | 193 ||| INVOKING Spit Poison.
   196 | D:1      | 196 ||| INVOKING Spit Poison.
   295 | D:1      | 295 ||| INVOKING Spit Poison.
   308 | D:1      | 308 ||| INVOKING Spit Poison.
   311 | D:1      | 311 ||| INVOKING Spit Poison.
   319 | D:1      | 319 ||| INVOKING Spit Poison.
   323 | D:1      | Reached XP level 3. HP: 32/32 MP: 3/3
   337 | D:1      | 337 ||| INVOKING Spit Poison.
   454 | D:1      | 454 ||| READING scroll labelled SUGGIE POIJOUM.
   455 | D:1      | 455 ||| READING scroll labelled UFUSUEPROE.
   456 | D:1      | 456 ||| READING scroll labelled TYICWI QAPOSCH.
   457 | D:1      | 457 ||| DROPPING scroll of butterflies.
   469 | D:2      | 469 ||| INVOKING Spit Poison.
   473 | D:2      | 473 ||| INVOKING Spit Poison.
   503 | D:2      | 503 ||| INVOKING Spit Poison.
   541 | D:2      | 541 ||| INVOKING Spit Poison.
   581 | D:2      | 581 ||| INVOKING Spit Poison.
   603 | D:2      | 603 ||| INVOKING Spit Poison.
   621 | D:2      | 621 ||| INVOKING Spit Poison.
   630 | D:2      | 630 ||| INVOKING Spit Poison.
   634 | D:2      | 634 ||| INVOKING Spit Poison.
   651 | D:2      | 651 ||| INVOKING Spit Poison.
   678 | D:2      | 678 ||| INVOKING Spit Poison.
   683 | D:2      | 683 ||| INVOKING Spit Poison.
   687 | D:2      | Reached skill level 5 in Ranged Weapons
   687 | D:2      | Reached XP level 4. HP: 20/39 MP: 4/4
   800 | D:2      | 800 ||| INVOKING Spit Poison.
   857 | D:2      | 857 ||| INVOKING Spit Poison.
   860 | D:2      | Noticed Robin
   863 | D:2      | 863 ||| INVOKING Spit Poison.
   866 | D:2      | 866 ||| INVOKING Spit Poison.
   867 | D:2      | 867 ||| INVOKING Spit Poison.
   873 | D:2      | 873 ||| INVOKING Spit Poison.
   876 | D:2      | HP: 7/39 [hobgoblin[Robin] (4)]
   879 | D:2      | 879 ||| INVOKING Spit Poison.
   880 | D:2      | Slain by Robin

Levels and vault maps discovered:
D:1:      lightli_arrival_maybe_door_vault, layout_basic
D:2:      layout_loops_cross, hex_large, uniq_natasha, uniq_robin

Skill      XL: |  1  2  3 |
---------------+----------+-----
Ranged Weapons | 4 5 |  5.1
Fighting       | |  2.3
Dodging        | |  1.5
Stealth        | |  1.5

Action                     |  1- 3 |  4- 6 || total
---------------------------+-------+-------++-------
   Fire: Shortbow          |    67 |    18 ||    85
Ability: Spit Poison       |    26 |     6 ||    32
    Use: Scroll            |     3 |       ||     3
 Armour: Leather armour    |    13 |     4 ||    17
  Dodge: Dodged            |     6 |     8 ||    14

Table legend:
 A = Non-vault XP
 B = Vault XP
 C = Vault XP percentage of total XP
 D = Non-vault monster count
 E = Vault monster count
 F = Vault count percentage of total count
                 A         B        C        D         E       F
            +---------+---------+-------+---------+---------+-------
      Total |      95 |      20 |  17.4 |      36 |      11 |  23.4
            +---------+---------+-------+---------+---------+-------
        D:1 |      38 |       0 |   0.0 |      22 |       0 |   0.0
        D:2 |      57 |      20 |  26.0 |      14 |      11 |  44.0
            +---------+---------+-------+---------+---------+-------
